 Dungeon Crawl Stone Soup version 0.27.0-1-g7a089689b8 (webtiles) character file.

Game seed: 15753710774025272216

58 Brandom the Sneak (level 3, -1/18 HPs)
             Began as a Spriggan Fire Elementalist on July 31, 2021.
             Was a Follower of Wu Jian.
             Slain by a centaur (2 damage)
             ... on level 3 of the Dungeon.
             The game lasted 00:05:30 (2669 turns).

Brandom the Sneak (Spriggan Fire Elementalist)      Turns: 2669, Time: 00:05:30

Health: -1/18      AC:  2    Str:  5    XL:     3   Next: 76%
Magic:  8/8        EV: 17    Int: 16    God:    Wu Jian [*.....]
Gold:   81         SH:  0    Dex: 15    Spells: 7/8 levels left

rFire    . . .     SeeInvis +   c - +1 short sword (venom)
rCold    . . .     Faith    .   (shield restricted)
rNeg     . . .     Spirit   .   a - +0 robe
rPois    .         Reflect  .   (helmet restricted)
rElec    .         Harm     .   (no cloak)
rCorr    .         Rampage  .   (gloves unavailable)
Will     .....                  (boots unavailable)
Stlth    ++........             (no amulet)
HPRegen  0.06/turn              (no ring)
MPRegen  0.11/turn              (no ring)

@: very quick
A: very small, no large weapons, unfitting armour, see invisible, speed 3
a: Renounce Religion


You were on level 3 of the Dungeon.
You worshipped Wu Jian.
Wu Jian was aware of your devotion.
You visited 1 branch of the dungeon, and saw 3 of its levels.

You collected 81 gold pieces.

Inventory:

Hand Weapons
 c - a +1 short sword of venom (weapon)
   (You took it off a kobold on level 1 of the Dungeon)
 d - a +0 dagger
   (You took it off a kobold on level 1 of the Dungeon)
 g - a +2 short sword of speed
   (You took it off a kobold on level 1 of the Dungeon)
Armour
 a - a +0 robe (worn)
Scrolls
 b - a scroll of enchant armour {unknown}
 e - 5 scrolls of identify {unknown}
 f - a scroll of fear {unknown}
 i - a scroll of blinking {unknown}
 k - a scroll of teleportation {unknown}
Potions
 h - 2 potions of resistance
 j - a potion of mutation {unknown}


   Skills:
 * Level 1.4 Fighting
 + Level 0.9 Short Blades
 + Level 3.2 Dodging
 + Level 3.6 Stealth
 - Level 3.0 Spellcasting
 - Level 1.0 Conjurations
 + Level 2.7 Fire Magic


You had 7 spell levels left.
You knew the following spells:

 Your Spells              Type           Power      Damage    Failure   Level
a - Foxfire               Conj/Fire      32%        2x1d5     9%          1

Your spell library contained the following spells:

 Spells                   Type           Power      Damage    Failure   Level
 Sting                    Tmut/Pois      8%         1d3       19%         1
 Conjure Flame            Conj/Fire      8%         6-21      26%         3
 Inner Flame              Hex/Fire       6%         N/A       32%         3
 Call Canine Familiar     Summ           2%         N/A       50%         3
 Portal Projectile        Hex/Tloc       4%         N/A       50%         3
 Sticky Flame             Conj/Fire      8%         2d3       65%         4
 Leda's Liquefaction      Hex/Erth       1%         N/A       88%         4
 Fireball                 Conj/Fire      4%         3d4       94%         5


Dungeon Overview and Level Annotations

Branches:
Dungeon (3/15)

Altars:
Dithmenos
Wu Jian


Innate Abilities, Weirdness & Mutations

You are very small and have problems with some larger weapons.
You are too small for most types of armour.
You have supernaturally acute eyesight. (SInv)
You cover ground extremely quickly. (Speed+++)


Message History

No target in view!
A ball python comes into view.
You strike the helpless ball python from behind!
You hit the ball python.
You kill the ball python!
The Council accepts your kill.
No target in view!
No target in view!
You see here a ball python corpse.
As you open the door, it creaks loudly! As you open the door, it creaks loudly!
There is an open door here.
Done exploring.
Done exploring.
Done exploring.
(D) Dungeon
Where to? (Enter - D:2 @ (x,y), ? - help)
There is a stone staircase leading down here.
You climb downwards.
A goblin comes into view. It is wielding a +0 dagger.
Found a stone staircase leading up.
There is a stone staircase leading up here.
You closely miss the goblin. The goblin misses you.
You barely miss the goblin. The goblin completely misses you.
You hit the goblin but do no damage.
The goblin is poisoned.
The goblin barely misses you.
You hit the goblin.
You kill the goblin!
The Council accepts your kill.
No target in view!
Things that are here:
a +0 dagger; a goblin corpse A centaur comes into view.
Found 5 gold pieces.
Unknown command.
The centaur shouts!
The centaur wields a +0 shortbow.
The centaur shoots an arrow.
The arrow completely misses you.
The centaur shoots an arrow.
The arrow hits you!
Ouch! That really hurt!
* * * LOW HITPOINT WARNING * * *
The centaur shoots an arrow.
The arrow completely misses you.
Okay, then.
The centaur unwields a +0 shortbow.
The centaur hits you.
* * * LOW HITPOINT WARNING * * *
The centaur kicks you.
* * * LOW HITPOINT WARNING * * *
You hit the centaur but do no damage.
The centaur is poisoned.
The centaur hits you.
You die...

$.......#.....##
.................##
..................# #
#................#
##.#................#
#...................#
............)..<....#
#..c............##
###@....#.....##
#.########### #.# #.#
..# ####


You could see a centaur (very poisoned).

Vanquished Creatures
  A worm (D:2)
  3 dart slugs
  5 ball pythons
  4 endoplasms
  A giant cockroach (D:2)
  7 goblins
  6 hobgoblins
  2 jackals (D:2)
  A quokka (D:2)
  4 bats (D:1)
  3 frilled lizards
  6 kobolds
  2 rats (D:2)
45 creatures vanquished.

Vanquished Creatures (others)
  18 foxfires (D:1)
18 creatures vanquished.

Grand Total: 63 creatures vanquished

Notes
Turn   | Place    | Note
-------+----------+-------------------------------------------
     0 | D:1      | Brandom the Spriggan Fire Elementalist began the quest for
                  | the Orb.
     0 | D:1      | Reached XP level 1. HP: 9/9 MP: 5/5
   564 | D:1      | Reached XP level 2. HP: 14/14 MP: 3/6
   964 | D:1      | Reached skill level 1 in Conjurations
  1372 | D:1      | Reached skill level 1 in Fighting
  1792 | D:2      | Reached XP level 3. HP: 18/18 MP: 8/8
  1949 | D:2      | Found a faded altar of an unknown god.
  1957 | D:2      | Got Plato's Papyrus of Changing
  1958 | D:2      | Became a worshipper of the Wu Jian Council
  1958 | D:2      | Reached * piety under Wu Jian
  2117 | D:2      | Found a shadowy altar of Dithmenos.
  2661 | D:3      | Noticed a centaur
  2669 | D:3      | Slain by a centaur

Illustrated notes

Levels and vault maps discovered:
D:1:      minmay_arrival_loop, layout_basic
D:2:      layout_basic, shapermc_ecumenical_altar_rom_forum, basic_altar
D:3:      minmay_goblin_kobold_castle, layout_rooms, minmay_pentangle

Skill      XL: |  1  2 |
---------------+-------+-----
Conjurations   | 1 |  1.0
Spellcasting   | 3 |  3.0
Dodging        | 3 |  3.2
Fighting       | 1 |  1.4
Short Blades   | |  0.9
Stealth        | |  3.6
Fire Magic     | |  2.7

Action                   || total
-------------------------++-------
Melee: Unarmed           ||     9
       Short sword       ||    70
       Dagger            ||    18
 Cast: Foxfire           ||    16
Invok: Lunge             ||     5
  Use: Potion            ||     1
 Stab: Sleeping          ||     9
       Distracted        ||     1
Armor: Robe              ||     5
Dodge: Dodged            ||    62
